 Dungeon Crawl Stone Soup version 0.30-a0-34-gbe8da3892a (webtiles) character file.

Game seed: 2963882285494865032

5109 ytrimaz the Transmogrifier (level 10, 0/63 HPs)
             Began as an Octopode Transmuter on Aug 27, 2022.
             Was a Follower of Ashenzari.
             Slain by a manticore (10 damage)
             ... on level 9 of the Dungeon.
             The game lasted 00:13:24 (9422 turns).

ytrimaz the Transmogrifier (Octopode Transmuter)    Turns: 9422, Time: 00:13:26

Health: 0/63       AC:  6    Str:  5    XL:     10   Next: 57%
Magic:  0/22       EV: 20    Int: 21    God:    Ashenzari [*.....]
Gold:   1048       SH:  0    Dex: 23    Spells: 16/25 levels left

rFire   + . .      SeeInvis .      - Unarmed
rCold   + . .      Faith    .    (shield currently unavailable)
rNeg    + . .      Spirit   +    (helmet currently unavailable)
rPois   x          Reflect  .    c - amulet of guardian spirit
rElec   .          Harm     .    f - ring of the Enigmatic Sun {AC+4, Melee, Comp} (curse)
rCorr   .          Rampage  .    d - ring "I Knew You'd Do That" {rC+ rN+ Will+ Str-4 Dex+6, Elem, Bglg} (curse)
Will    ++...                    g - ring of protection from fire
Stlth   ++........               s - ring of willpower
HPRegen 0.20/turn                (no ring)
MPRegen 0.18/turn                (no ring)
                                 (no ring)
                                 (no ring)

@: spider-form, hasted, very quick
A: venomous fangs, almost no armour, (amphibious), 8 rings, tiny, (camouflage
1), (gelatinous body 1), (nimble swimmer 1), (tentacles)
a: End Transformation, Renounce Religion, Shatter the Chains


You were on level 9 of the Dungeon.
You worshipped Ashenzari.
Ashenzari was aware of your devotion.
You were a venomous arachnid creature.
You visited 2 branches of the dungeon, and saw 10 of its levels.

You collected 1142 gold pieces.
You spent 94 gold pieces at shops.

Inventory:

Missiles
 h - a throwing net
Jewellery
 c - an amulet of guardian spirit (around neck)
 d - the cursed ring "I Knew You'd Do That" (right front leg) {rC+ rN+ Will+ Str-4 Dex+6, Elem, Bglg}
   (You acquired it on level 2 of the Dungeon)

   [ring of dexterity]

   Str:       It affects your strength (-4).
   Dex:       It affects your dexterity (+6).
   rC:        It protects you from cold.
   rN:        It protects you from negative energy.
   Will:      It increases your willpower.
   It has a curse which improves the following skills: Elements: Fire Magic, Ice
   Magic, Air Magic and Earth Magic.
   Beguiling: Conjurations, Hexes and Translocations.
 f - the cursed ring of the Enigmatic Sun (left front leg) {AC+4, Melee, Comp}
   (You found it on level 1 of the Dungeon)

   [ring of protection]

   AC:        It affects your AC (+4).
   It has a curse which improves the following skills: Melee Combat: Short
   Blades, Long Blades, Axes, Maces & Flails, Polearms, Staves and Unarmed
   Combat.
   Companions: Summonings and Necromancy.
 g - a ring of protection from fire (on tentacle)
 s - a ring of willpower (on tentacle)
Wands
 m - a wand of iceblast (7)
 r - a wand of flame (50)
 u - a wand of charming (4)
Scrolls
 a - a scroll of identify
 k - 6 scrolls of teleportation
 n - a scroll of summoning
 w - a scroll of amnesia
 x - 3 scrolls of enchant armour
 y - a scroll of magic mapping
 z - 2 scrolls of butterflies
 A - a scroll of silence
 C - 2 scrolls of blinking
Potions
 b - 5 potions of curing
 e - a potion of magic
 p - 3 potions of brilliance
 q - 2 potions of flight
 t - a potion of cancellation
 B - a potion of ambrosia


   Skills:
 + Level 3.5 Fighting
 - Level 2.0 Dodging
 + Level 5.4(6.3) Unarmed Combat
 + Level 8.3 Spellcasting
 - Level 10.0 Transmutations
 - Level 4.0(4.8) Ice Magic
 - Level 4.0 Poison Magic


You had 16 spell levels left.
You knew the following spells:

 Your Spells              Type           Power      Damage    Failure   Level
a - Ice Form              Ice/Tmut       39%        N/A       12%         4
b - Wereblood             Tmut           50%        N/A       2%          2
c - Spider Form           Tmut/Pois      38%        N/A       6%          3

Your spell library contained the following spells:

 Spells                   Type           Power      Damage    Failure   Level
 Beastly Appendage        Tmut           100%       N/A       1%          1
 Sting                    Tmut/Pois      100%       1d8       3%          1
 Blade Hands              Tmut           25%        N/A       12%         5
 Poisonous Vapours        Pois/Air       34%        N/A       14%         2
 Necrotise                Necr           36%        1d5       21%         1
 Sublimation of Blood     Necr           9%         N/A       26%         2
 Olgreb's Toxic Radiance  Pois           25%        N/A       32%         4
 Portal Projectile        Hex/Tloc       18%        N/A       43%         3
 Tukima's Dance           Hex            9%         N/A       43%         3
 Vampiric Draining        Necr           9%         2d6       43%         3
 Agony                    Necr           9%         N/A       97%         5
 Summon Hydra             Summ           4%         N/A       100%        7
 Borgnjor's Revivificati  Necr           4%         N/A       100%        8
 Necromutation            Tmut/Necr      14%        N/A       100%        8
 Death's Door             Necr           4%         N/A       100%        9


Dungeon Overview and Level Annotations

Branches:
Dungeon (9/15)             Temple (1/1) D:6             Orc (0/2) D:9
   Lair: D:8-11

Altars:
Ashenzari
Cheibriados
Dithmenos
Elyvilon
Fedhas
Gozag
Hepliaklqana
Kikubaaqudgha
Makhleb
Nemelex Xobeh
Okawaru
Qazlal
Ru
Sif Muna
Trog
Uskayaw
Vehumet
Wu Jian
Xom
Zin
The Shining One

Shops:
D:2 *   D:4 [   D:8 *

Annotations:
D:7 1 runed translucent door, Crazy Yiuf


Innate Abilities, Weirdness & Mutations

You are a venomous arachnid creature.
You have poisonous fangs.
You are tiny and dextrous.
Your spellcasting is less reliable in this form.
Your armour is entirely melded.
You are incapable of wielding weapons or throwing items.
You cannot wear most types of armour.
((You are amphibious.))
You can wear up to eight rings at the same time.
((Your skin changes colour to match your surroundings (Stealth+).))
((Your rubbery body absorbs attacks. (AC +1, EV +1)))
((You are camouflaged when in or above water. (Stealth+)))
((You have tentacles for arms and can constrict up to eight enemies at once.))


Message History

The manticore claws you but does no damage.
You hit the manticore.
The manticore looks as sick as possible!
The manticore is lightly wounded.
You hit the manticore but do no damage.
The manticore looks as sick as possible!
The manticore is lightly wounded.
The manticore bites you!
* * * LOW HITPOINT WARNING * * *
The manticore barely misses you. The manticore claws you.
* * * LOW HITPOINT WARNING * * *
You feel better. The manticore completely misses you.
The manticore closely misses you. x2
You hit the manticore.
The manticore looks as sick as possible!
The manticore is moderately wounded.
Unknown command.
You hit the manticore.
The manticore looks as sick as possible!
The manticore is heavily wounded.
The manticore closely misses you. x3
You hit the manticore.
The manticore looks as sick as possible!
The manticore is heavily wounded.
You feel better. The manticore misses you. The manticore claws you!
* * * LOW HITPOINT WARNING * * *
The manticore completely misses you.
Unknown command.
You feel better. The manticore bites you. The manticore barely misses you.
The manticore claws you but does no damage.
You barely miss the manticore.
The manticore is heavily wounded.
Unknown command.
You hit the manticore.
The manticore looks as sick as possible!
The manticore is severely wounded.
The manticore bites you!
* * * LOW HITPOINT WARNING * * *
The manticore claws you!
You die...

....>...# #.....
#######.#######..... #####..
#...........## .......
#...........#. .. .......
###.........#. ...... .....
#.........#. ...... ...
#.........##
#....#+#####H######...........
#............s................
#......#########..............
#..............#..........####
#......................[..#
####.......##########........#
...........#>......u#........#
#####.....#.......$#.########
#.....#y..[!:..#.........
#.....#...})).C#.....###+###


You could see a manticore (extremely poisoned).

Vanquished Creatures
  2 two-headed ogres (D:9)
  Pikel (D:7)
  A troll (D:9)
  6 yaks (D:8)
  An acid dragon (D:8)
  2 orc warriors
  2 black bears
  An ice beast (D:5)
  2 ogres (D:5)
  3 centaurs
  A lemure (D:7)
  3 kobold brigands
  2 scorpions (D:5)
  5 bullfrogs
  A necrophage (D:6)
  A gnoll sergeant (D:7)
  A wight (D:9)
  3 orc priests
  4 hounds
  2 jellies
  2 iguanas
  2 orc wizards (D:6)
  7 gnolls
  5 adders
  2 white imps
  2 worms (D:5)
  3 dart slugs (D:4)
  17 orcs
  5 endoplasms
  4 giant cockroaches
  14 goblins
  3 hobgoblins
  3 jackals (D:3)
  21 kobolds
  A quokka (D:4)
  5 ball pythons
  11 bats
  5 frilled lizards
  3 rats
159 creatures vanquished.

Vanquished Creatures (others)
  2 plants (D:6)
2 creatures vanquished.

Grand Total: 161 creatures vanquished

Notes
Turn   | Place    | Note
-------+----------+-------------------------------------------
     0 | D:1      | ytrimaz the Octopode Transmuter began the quest for the
                  | Orb.
     0 | D:1      | Reached XP level 1. HP: 13/13 MP: 3/3
   308 | D:1      | Reached XP level 2. HP: 17/18 MP: 3/5
   655 | D:1      | Learned a level 2 spell: Wereblood
  1358 | D:2      | Identified a scroll of acquirement
  1363 | D:2      | Reached XP level 3. HP: 23/23 MP: 4/6
  1363 | D:2      | Acquired the ring of Moineumaun {rC+ rN+ Will+ Str-4 Dex+6}
  1429 | D:2      | Learned a level 3 spell: Spider Form
  1719 | D:2      | Found Kyskisma's Assorted Antiques.
  1727 | D:2      | Bought a scroll labelled BYNUTY GILAI for 16 gold pieces
  1727 | D:2      | Bought a scroll of identify for 32 gold pieces
  1727 | D:2      | Bought a scroll labelled ZUNNEG LOCAWNO LAO for 16 gold
                  | pieces
  1727 | D:2      | Bought a scroll labelled FIFFOPEPON for 16 gold pieces
  1727 | D:2      | Bought a bubbling emerald potion for 14 gold pieces
  1762 | D:2      | Found an ancient bone altar of Kikubaaqudgha.
  2073 | D:3      | Reached skill level 1 in Poison Magic
  2154 | D:3      | Reached XP level 4. HP: 28/28 MP: 5/7
  2629 | D:3      | Reached XP level 5. HP: 22/33 MP: 3/9
  2641 | D:3      | Learned a level 4 spell: Ice Form
  3337 | D:4      | Found Enitucog's Antique Armour Emporium.
  3399 | D:4      | Reached skill level 3 in Transmutations
  3503 | D:4      | Reached XP level 6. HP: 33/38 MP: 7/11
  3891 | D:5      | Entered Level 5 of the Dungeon
  4184 | D:5      | Noticed an ice beast
  4195 | D:5      | Killed an ice beast
  4196 | D:5      | Reached skill level 4 in Transmutations
  4207 | D:5      | Reached XP level 7. HP: 41/43 MP: 10/13
  4816 | D:5      | Reached skill level 1 in Ice Magic
  5283 | D:6      | Reached skill level 5 in Transmutations
  5288 | D:6      | Reached XP level 8. HP: 37/48 MP: 11/15
  5295 | D:6      | Reached skill level 5 in Spellcasting
  5493 | D:6      | Found a staircase to the Ecumenical Temple.
  5507 | Temple   | Entered the Ecumenical Temple
  5659 | Temple   | Became a worshipper of Ashenzari the Shackled
  5711 | D:6      | Acquired 612 gold pieces
  6048 | D:7      | Noticed Pikel
  6072 | D:7      | Killed Pikel
  6073 | D:7      | Reached skill level 7 in Transmutations
  6073 | D:7      | Reached XP level 9. HP: 51/53 MP: 6/17
  6152 | D:7      | Found a runed translucent door.
  6153 | D:7      | Noticed Crazy Yiuf
  6415 | D:7      | Reached skill level 8 in Transmutations
  7190 | D:8      | Found an ornate altar of the Wu Jian Council.
  7191 | D:8      | Found an iron altar of Okawaru.
  7303 | D:8      | Reached skill level 9 in Transmutations
  8042 | D:8      | Reached skill level 10 in Transmutations
  8042 | D:8      | Reached XP level 10. HP: 53/58 MP: 13/20
  8384 | D:8      | Found Coleuf Xoul's Assorted Antiques.
  8694 | D:9      | Reached * piety under Ashenzari
  8734 | D:9      | Noticed a two-headed ogre
  8763 | D:9      | Killed a two-headed ogre
  9076 | D:9      | Found a staircase to the Orcish Mines.
  9091 | D:9      | Noticed a brown ugly thing
  9091 | D:9      | Noticed a centaur warrior
  9091 | D:9      | Identified the +0 scale mail of Wuthra Vil {rElec rPois
                  | rCorr}
  9092 | D:9      | Noticed a purple ugly thing
  9108 | D:9      | Noticed a tengu warrior
  9108 | D:9      | Noticed a tengu warrior
  9109 | D:9      | Noticed a cyclops
  9120 | D:9      | Noticed a cyclops
  9194 | D:9      | Reached skill level 5 in Unarmed Combat
  9392 | D:9      | Noticed a manticore
  9392 | D:9      | Noticed a two-headed ogre
  9410 | D:9      | Killed a two-headed ogre
  9422 | D:9      | Slain by a manticore

Illustrated notes

Levels and vault maps discovered:
D:1:      amcnicky_arrival_blooded_trapdoor, layout_basic
D:2:      layout_basic, serial_shops, shop, basic_altar
D:3:      kennysheep_the_goblin_king, layout_loops_ring, minmay_joined_circles
D:4:      layout_basic, serial_shops, nicolae_shop_hallway_stairs
D:5:      layout_basic
D:6:      layout_rooms, minmay_temple_entry_overgrown
D:7:      layout_gridville, uniq_crazy_yiuf_cottage, uniq_pikel
D:8:      layout_loops_ring, chequers_temple_overflow_statue_of_worship,
          serial_shops, nicolae_lakefront_shop
D:9:      layout_irregular_city, nicolae_yredelemnul_corpse_copse, orc_0_dummy,
          minivault_12
Temple:   nicolae_temple_bog_church

Skill      XL: |  1  2  3  4  5  6  7  8  9 10 |
---------------+-------------------------------+-----
Unarmed Combat | 4 5 |  5.4
Poison Magic   | 1 2 3 4 |  4.0
Spellcasting   | 3 4 5 7 8 |  8.3
Transmutations | 3 4 5 7 10 | 10.0
Ice Magic      | 2 4 |  4.0
Fighting       | 3 |  3.5
Dodging        | |  2.0

Action                   |  1- 3 |  4- 6 |  7- 9 | 10-12 || total
-------------------------+-------+-------+-------+-------++-------
Melee: Unarmed           |    76 |   115 |   253 |    85 ||   529
       Constrict         |    18 |    15 |     2 |       ||    35
       Tentacles         |    13 |    12 |     2 |       ||    27
       Kick              |    14 |     9 |       |       ||    23
       Punch             |     1 |       |     2 |       ||     3
 Cast: Beastly Appendage |    31 |     4 |       |       ||    35
       Spider Form       |       |    10 |    12 |     3 ||    25
       Wereblood         |       |     1 |     7 |     1 ||     9
       Ice Form          |       |       |    12 |     6 ||    18
Invok: Curse Item        |       |       |     1 |     1 ||     2
  Use: Scroll            |     3 |     7 |     3 |       ||    13
       Potion            |       |       |     8 |     4 ||    12
 Stab: Sleeping          |     9 |     4 |       |       ||    13
Armor: Skin              |    17 |    22 |    98 |    33 ||   170
Dodge: Dodged            |    48 |    81 |   162 |    64 ||   355

Table legend: (Time is in decaauts)
 A = Elapsed time spent in this place.
 B = Non-inter-level travel time spent in this place.
 C = Inter-level travel time spent in this place.
 D = Time resting spent in this place.
 E = Time spent auto-exploring this place.
 F = Levels seen in this place.
 G = Mean time per level.
                   A        B        C        D        E       F      G
               +--------+--------+--------+--------+--------+-----+--------+
         Total |   9357 |   9124 |    233 |    616 |   7001 |  10 |  935.7 |
       Dungeon |   9193 |   8982 |    211 |    616 |   6879 |   9 | 1021.4 |
        Temple |    164 |    142 |     22 |      0 |    122 |   1 |  164.0 |
               +--------+--------+--------+--------+--------+-----+--------+

Top non-repeatable levels by time:
     D:7: 1467 daAuts
     D:5: 1238 daAuts
     D:3: 1203 daAuts
     D:1: 1163 daAuts
     D:8: 1126 daAuts
     D:9: 848 daAuts
     D:2: 771 daAuts
     D:4: 738 daAuts
     D:6: 636 daAuts
  Temple: 164 daAuts
